AoeStats
← PREDA_JUANK

Coastal Forest

510413912Analyzed
4v4 RM · 2d ago on Sep 30, 2026· 62m 45s· 8 players
Game mode
Random Map
Map size
Large (8 player)
Population
200
Speed
Normal
Resources
Standard
Victory
Conquest
Starting age
Dark Age
Ending age
Imperial Age
RankedLock teamsTeams togetherTeam positionsShared explorationLock speedFull tech treeHidden civsTurbo modeCheats
Victory
Defeat
🇦🇷 Bulgarians · Argentina
872
+11
🇨🇱 Portuguese · Chile
798
+14
🇦🇷 Franks · Argentina
796
+14
🇦🇷 Koreans · Argentina
723
+18
🇪🇸 Italians · Spain
802
-16
🇵🇪 Spanish · Peru
801
-16
🇪🇸 Cumans · Spain
720
-13
🇵🇪 Bohemians · Peru
704
-12
fedetiberio
3:13 Loom
13:44 Feudal Age
14:12 Town Watch
14:15 Double-Bit Axe
22:38 Wheelbarrow
22:59 Horse Collar
23:15 Stone Mining
23:16 Gold Mining
28:03 Castle Age
27:56 Fishing Lines
29:27 Town Patrol
29:49 Bow Saw
29:57 Heavy Plow
31:27 Hand Cart
32:17 Stone Shaft Mining
32:10 Fervor
34:24 Fletching
34:37 Scale Mail Armor
34:48 Forging
34:43 Scale Barding Armor
35:35 Treadmill Crane
35:51 Murder Holes
36:17 Ballistics
36:08 Masonry
36:09 Fortified Wall
36:45 Squires
36:30 Arson
38:00 Bodkin Arrow
38:41 Iron Casting
38:21 Chain Mail Armor
38:27 Chain Barding Armor
38:20 Clinker Construction
38:21 Careening
38:48 Eupseong
40:12 Gold Shaft Mining
40:13 Stone Shaft Mining
39:57 Thumb Ring
39:14 Elite Skirmisher
45:14 Imperial Age
43:03 Caravan
48:15 Conscription
48:16 Shinkichon
47:18 Elite War Wagon
48:11 Elite Fire Lancer
49:37 Shinkichon
48:38 Elite War Wagon
54:28 Guilds
58:18 Husbandry
58:29 Bracer
58:59 Plate Mail Armor
59:32 Chemistry
59:02 Architecture
58:38 Siege Engineers
58:19 Arrowslits
Camalote
7:38 Loom
10:07 Feudal Age
22:25 Castle Age
22:09 Scale Mail Armor
23:05 Gambesons
24:37 Forging
27:17 Wheelbarrow
27:10 Double-Bit Axe
31:15 Gold Mining
31:22 Horse Collar
32:32 Iron Casting
32:15 Chain Mail Armor
39:30 Imperial Age
38:17 Squires
40:04 Iron Casting
41:03 Arson
43:18 Plate Mail Armor
51:26 Scale Barding Armor
jm_lage
8:54 Loom
11:13 Feudal Age
12:43 Double-Bit Axe
15:38 Castle Age
18:12 Scale Barding Armor
18:21 Forging
29:30 Iron Casting
30:49 Wheelbarrow
36:14 Imperial Age
35:29 Husbandry
36:32 Masonry
36:43 Ballistics
37:06 Elite Skirmisher
38:20 Murder Holes
39:27 Chemistry
38:56 Conscription
38:32 Stone Mining
38:34 Gold Mining
39:20 Cavalier
41:12 Architecture
42:39 Fletching
43:51 Blast Furnace
43:12 Chain Barding Armor
44:59 Paladin
PREDA_JUANK
0:38 Loom
13:24 Feudal Age
16:55 Double-Bit Axe
19:48 Castle Age
23:10 Caravan
24:21 Bow Saw
24:17 Horse Collar
26:18 Stone Mining
26:23 Gold Mining
26:51 Fletching
27:01 Padded Archer Armor
30:42 Bodkin Arrow
31:02 Leather Archer Armor
30:51 Scale Mail Armor
33:59 Chain Mail Armor
35:44 Stone Shaft Mining
42:42 Imperial Age
41:30 Ballistics
45:39 Bracer
46:09 Ring Archer Armor
45:52 Forging
46:12 Plate Mail Armor
50:37 Elite Organ Gun
53:44 Wheelbarrow
Hugo2001
8:59 Loom
11:09 Feudal Age
16:08 Castle Age
19:35 Town Watch
20:30 Double-Bit Axe
21:38 Bow Saw
21:43 Town Patrol
31:42 Horse Collar
38:33 Imperial Age
40:19 Chemistry
42:44 Fletching
43:20 Ballistics
44:09 Elite Skirmisher
45:29 Bodkin Arrow
45:36 Pikeman
48:24 Bracer
IGOR81926
1:28 Loom
14:58 Feudal Age
15:22 Man-at-Arms
17:16 Town Watch
17:38 Scale Mail Armor
19:39 Forging
26:45 Castle Age
26:26 Scale Barding Armor
26:08 Horse Collar
30:01 Long Swordsman
31:52 Pikeman
32:33 Squires
33:12 Chain Barding Armor
39:05 Padded Archer Armor
40:20 Fletching
mvaamondem
0:43 Loom
13:48 Feudal Age
14:26 Fishing Lines
14:39 Double-Bit Axe
17:43 Forging
17:39 Scale Barding Armor
17:49 Bloodlines
18:56 Horse Collar
22:26 Castle Age
22:17 Arson
22:27 Fletching
22:37 Padded Archer Armor
22:29 Light Cavalry
23:12 Husbandry
23:50 Iron Casting
23:28 Heavy Plow
24:59 Chain Barding Armor
28:15 Bow Saw
28:04 Bodkin Arrow
28:25 Leather Archer Armor
28:05 Stone Mining
29:15 Gold Mining
31:04 Stone Shaft Mining
31:47 Wheelbarrow
31:04 Town Watch
36:53 Imperial Age
34:19 Gillnets
34:54 Ballistics
34:44 Thumb Ring
37:09 Hand Cart
37:15 Masonry
37:02 Murder Holes
39:00 Chemistry
38:03 Bracer
38:34 Ring Archer Armor
38:51 Conscription
42:47 Elite Genoese Crossbowman
cabama
12:57 Feudal Age
29:00 Castle Age
29:08 Gold Mining
29:02 Horse Collar
30:30 Thumb Ring
30:21 Fletching
31:16 Stone Mining
32:06 Gold Shaft Mining
31:38 Heavy Plow
34:04 Double-Bit Axe
35:05 Steppe Husbandry
35:38 Bow Saw
38:32 Ballistics
45:36 Bodkin Arrow
Connection lost

Rejoining the realm…

Still unreachable

The connection could not be restored.

Session expired

The server has moved on; the page needs a fresh start.